 Dungeon Crawl Stone Soup version 0.21.1-1-g345015f (webtiles) character file.

90 wojtek the Cudgeler (level 4, 0/28 HPs)
             Began as a Gargoyle Fighter on July 20, 2018.
             Slain by a gnoll
             ... wielding a cursed -3 spear
              (3 damage)
             ... on level 2 of the Dungeon.
             The game lasted 00:02:55 (1834 turns).

wojtek the Cudgeler (Gargoyle Fighter)              Turns: 1834, Time: 00:02:55

Health: 0/28       AC: 11    Str: 20    XL:     4   Next: 56%
Magic:  4/4        EV:  7    Int:  9    God:
Gold:   68         SH:  9    Dex:  9    Spells: 3/3 levels left

rFire    . . .     SeeInvis .   a - +0 flail
rCold    . . .     Gourm    .   c - +0 shield
rNeg     + . .     Faith    .   b - +0 scale mail
rPois    ∞         Spirit   .   (no helmet)
rElec    +         Reflect  .   (no cloak)
rCorr    .         Harm     .   m - +0 pair of gloves
MR       .....                  (no boots)
Stlth    ..........             (no amulet)
HPRegen  0.09/turn              (no ring)
MPRegen  0.09/turn              (no ring)

@: no status effects
A: negative energy resistance 1, electricity resistance, unbreathing,
petrification resistance, rot immunity, AC +3
a: no special abilities


You were on level 2 of the Dungeon.
You were very hungry.

You visited 1 branch of the dungeon, and saw 2 of its levels.

You collected 68 gold pieces.

Inventory:

Hand Weapons
 a - a +0 flail (weapon)
Armour
 b - a +0 scale mail (worn)
 c - a +0 shield (worn)
 m - a +0 pair of gloves (worn)
Scrolls
 g - a scroll of immolation {unknown}
 h - a scroll of magic mapping {unknown}
 i - a scroll of random uselessness {unknown}
 j - 5 scrolls of identify {unknown}
 k - a scroll of blinking {unknown}
 n - a scroll of teleportation {unknown}
 r - a scroll of enchant weapon {unknown}
 s - 2 scrolls of remove curse {unknown}
Potions
 d - a potion of might
 e - 3 potions of heal wounds {unknown}
 l - 2 potions of curing {unknown}
 o - a potion of agility {unknown}
 p - a potion of ambrosia {unknown}
Comestibles
 f - 5 rations


   Skills:
 - Level 3.2 Fighting
 + Level 4.6 Maces & Flails
 - Level 3.2 Armour
 - Level 3.2 Shields


You had 3 spell levels left.
You didn't know any spells.

Dungeon Overview and Level Annotations

Branches:
Dungeon (2/15)

Altars:
Ashenzari
Sif Muna


Innate Abilities, Weirdness & Mutations

You are resistant to torment.
Your stone body is resilient. (AC +3)
You are immune to poison.
You resist negative energy. (rN+)
You are resistant to electric shocks. (rElec)
You can survive without breathing.
You are immune to petrification.
You are immune to rotting.


Message History

You hit the gnoll but do no damage.
The gnoll is almost dead.
You block the gnoll's attack. The gnoll hits you but does no damage.
You closely miss the gnoll.
The gnoll is almost dead.
The gnoll hits you with a halberd.
* * * LOW HITPOINT WARNING * * *
The gnoll hits you from afar with an enchanted spear.
* * * LOW HITPOINT WARNING * * *
You block the gnoll's attack.
You closely miss the gnoll.
The gnoll is almost dead.
You block the gnoll's attack.
The gnoll hits you from afar with an enchanted spear.
* * * LOW HITPOINT WARNING * * *
Unknown command.
You hit the gnoll.
You kill the gnoll!
The gnoll hits you from afar with an enchanted spear.
You die...

#####...g..##.# #....
#...>..##.############# #####
#......##.............
#.................#.##
####.##.##.####......#####
##..........##...............#
##..........##.#.g.g..######.#
##..........##.#)##.......##.##
##..........##.#@##...#[#.#...
##..........##.#.##....<#.#..####
##..........##.#<.......#.#......
##..........##.#####.##.#(#(..###
# ..................)... .
###.#####.##.#.#...### #
#.##...#...... #.##...#..####
#.#...........


You could see a gnoll.

Vanquished Creatures
  3 gnolls (D:2)
  An adder (D:2)
  A dart slug (D:2)
  2 ball pythons
  7 bats
  A giant cockroach (D:1)
  7 goblins
  7 hobgoblins
  5 jackals
  4 kobolds
  4 frilled lizards (D:1)
  6 rats
48 creatures vanquished.

Notes
Turn   | Place    | Note
-------+----------+-------------------------------------------
     0 | D:1      | wojtek the Gargoyle Fighter began the quest for the Orb.
     0 | D:1      | Reached XP level 1. HP: 14/14 MP: 1/1
   126 | D:1      | Reached XP level 2. HP: 11/19 MP: 2/2
   290 | D:1      | Reached skill level 3 in Maces & Flails
   692 | D:1      | Reached XP level 3. HP: 22/23 MP: 3/3
  1053 | D:2      | Reached skill level 4 in Maces & Flails
  1107 | D:2      | Found a shattered altar of Ashenzari.
  1201 | D:2      | Reached XP level 4. HP: 25/28 MP: 4/4
  1445 | D:2      | Found a deep blue altar of Sif Muna.
  1834 | D:2      | Slain by a gnoll

Skill      XL: |  1  2  3 |
---------------+----------+-----
Maces & Flails | 3 4 |  4.6
Fighting       | |  3.2
Armour         | |  3.2
Shields        | |  3.2

Action                   |  1- 3 |  4- 6 || total
-------------------------+-------+-------++-------
Melee: Flail             |   153 |    30 ||   183
  Eat: Chunk             |     1 |     1 ||     2
Armor: Scale mail        |   102 |    18 ||   120
Dodge: Dodged            |    54 |    19 ||    73
Block: Shield            |    97 |    28 ||   125
